 Dungeon Crawl Stone Soup version bcrawl-1.37.2 (webtiles) character file.

Game seed: 4223780715311347822

106562 Mehrunes the Magician (level 5, -17/35 HPs)
             Began as a Mummy Fire Elementalist on Nov 10, 2022.
             Was an Initiate of Vehumet.
             Killed from afar by a crimson imp (21 damage)
             ... with a flame tongue
             ... on level 5 of the Dungeon.
             The game lasted 00:07:32 (5130 turns).

Mehrunes the Magician (Mummy Fire Elementalist)     Turns: 5130, Time: 00:07:32

Health: -17/35     AC:  4    Str: 11    XL:     5   Next: 99%
Magic:  13/13      EV: 12    Int: 20    God:    Vehumet [......]
Gold:   200        SH:  0    Dex: 13    Spells: 2/15 levels left

rFire    x . .     GDR:     25% h - -2 hunting sling (curse)
rCold    + . .     SeeInvis .   (no shield)
rNeg     + + +     Gourm    .   a - +0 robe
rPois    ∞         Faith    .   l - +1 helmet
rElec    .         Spirit   .   (no cloak)
rCorr    .         Reflect  .   (no gloves)
MR       .....     Clarity  +   (no boots)
Stlth    ++........             (no amulet)
HPRegen  0.15/turn              o - +5 ring of intelligence
MPRegen  0.13/turn              (no ring)

@: no status effects
A: no food or potions, fire vulnerability, clarity, cold resistance 1, negative
energy resistance 3, torment resistance, unbreathing, strong hexes 1
a: Renounce Religion


You were on level 5 of the Dungeon.
You worshipped Vehumet.
Vehumet was noncommittal.
You were not hungry.

You visited 2 branches of the dungeon, and saw 6 of its levels.

You collected 200 gold pieces.

Inventory:

Hand Weapons
 g - a +0 dagger
 h - a cursed -2 hunting sling (weapon)
Missiles
 d - 1153 stones
 p - 2 throwing nets {=f}
 q - 46 poisoned tomahawks (quivered)
Armour
 a - a +0 robe (worn)
 l - a +1 helmet (worn)
 n - a +0 helmet of see invisible
Jewellery
 b - an uncursed amulet of the acrobat {unknown}
 o - a +5 ring of intelligence (left hand)
Wands
 c - a wand of flame (4)
Scrolls
 e - 2 scrolls of enchant weapon
 f - a scroll of magic mapping
 i - a scroll of identify
 j - 2 scrolls of teleportation
 k - 3 scrolls of fear
 m - a scroll of enchant armour {unknown}


   Skills:
 - Level 1.5 Dodging
 - Level 2.1 Stealth
 * Level 5.7 Spellcasting
 + Level 2.4 Conjurations
 + Level 3.4 Fire Magic


You had 2 spell levels left.
You knew the following spells:

 Your Spells              Type           Power        Failure   Level  Hunger
a - Flame Tongue          Conj/Fire      ###..        3%          1    N/A
b - Conjure Flame         Conj/Fire      ###.....     10%         3    N/A
c - Sticky Flame          Conj/Fire      ###.....     32%         4    N/A
d - Fireball              Conj/Fire      ###.......   65%         5    N/A

Your spell library contained the following spells:

 Spells                   Type           Power        Failure   Level  Hunger
 Flaming Arrows           Chrm/Fire      ##......     8%          2    N/A
 Inner Flame              Hex/Fire       N/A          16%         3    N/A

Dungeon Overview and Level Annotations

Branches:
Dungeon (5/12)             Temple (1/1) D:4

Altars:
Ashenzari
Dithmenos
Gozag
Kikubaaqudgha
Lugonu
Makhleb
Nemelex Xobeh
Okawaru
Qazlal
Ru
Sif Muna
Trog
Uskayaw
Vehumet
Wu Jian
Xom
Yredelemnul

Shops:
D:5 ?

Annotations:
D:5 Sigmund


Innate Abilities, Weirdness & Mutations

You do not eat or drink.
Your flesh is vulnerable to fire.
You are immune to poison.
You possess an exceptional clarity of mind.
Your flesh is cold resistant. (rC+)
You are immune to negative energy. (rN+++)
You are immune to unholy pain and torment.
You can survive without breathing.
Your hexes are more powerful.


Message History

Throwing (i - inventory. (/) - cycle)
q - 49 poisoned tomahawks (quivered)
Press: ? - help, Shift-Dir - straight line, f/p - crimson imp
Aim: a crimson imp (heavily wounded, poisoned)
You throw a poisoned tomahawk.
The poisoned tomahawk barely misses the crimson imp.
Throwing (i - inventory. (/) - cycle)
q - 48 poisoned tomahawks (quivered)
Press: ? - help, Shift-Dir - straight line, f/p - crimson imp
Aim: a crimson imp (moderately wounded, poisoned)
You throw a poisoned tomahawk.
The poisoned tomahawk barely misses the crimson imp.
Throwing (i - inventory. (/) - cycle)
q - 47 poisoned tomahawks (quivered)
Press: ? - help, Shift-Dir - straight line, f/p - crimson imp
Aim: a crimson imp (moderately wounded, poisoned)
You throw a poisoned tomahawk.
The poisoned tomahawk hits the crimson imp but does no damage.
The crimson imp is moderately wounded.
The crimson imp breathes fire at you. The fire burns you terribly!
The flame tongue hits you!!
Ouch! That really hurt!
You die...

# ..# ..... #.#
#.#.# #.# ......
#.###### #.#.#.
#.#....
..^...##.#..# #
#.#.#....#.##.#
........<.....#
.......@......##
......[5........
######+#.#.#.###
##########.#...#
..
#...........>..#
##
#.########.#...#
#.# #.#...# #.#
#[#...# #.#
#.#...#


You could see a crimson imp.

Vanquished Creatures
  An ice beast (D:5)
  A hound (D:4)
  A jelly (D:5)
  A hound skeleton (D:3)
  Robin (D:3)
  2 adders
  3 worms
  A dart slug (D:2)
  5 leopard geckos
  An orc (D:3)
  2 giant cockroaches (D:2)
  15 goblins
  7 hobgoblins
  4 kobolds
  A quokka (D:3)
  7 bats
  3 frilled lizards
  2 rats
58 creatures vanquished.

Notes
Turn   | Place    | Note
-------+----------+-------------------------------------------
     0 | D:1      | Mehrunes the Mummy Fire Elementalist began the quest for
                  | the Orb.
     0 | D:1      | Reached XP level 1. HP: 13/13 MP: 4/4
   190 | D:1      | Reached skill level 3 in Spellcasting
   230 | D:1      | Reached skill level 1 in Conjurations
   331 | D:1      | Reached XP level 2. HP: 19/19 MP: 0/6
  1583 | D:2      | Reached XP level 3. HP: 22/24 MP: 5/8
  1587 | D:2      | Learned a level 3 spell: Conjure Flame
  2042 | D:3      | Reached skill level 4 in Spellcasting
  2285 | D:3      | Reached XP level 4. HP: 26/30 MP: 7/10
  2373 | D:3      | Noticed Robin
  3281 | D:3      | Killed Robin
  3433 | D:4      | Found a staircase to the Ecumenical Temple.
  3447 | Temple   | Entered the Ecumenical Temple
  3667 | Temple   | Became a worshipper of Vehumet
  4516 | D:4      | Reached skill level 5 in Spellcasting
  4516 | D:4      | Reached XP level 5. HP: 31/35 MP: 6/12
  4543 | D:4      | Learned a level 4 spell: Sticky Flame
  4549 | D:4      | Learned a level 5 spell: Fireball
  4705 | D:5      | Entered Level 5 of the Dungeon
  4745 | D:5      | Found Gunkuqi's Magic Scroll Emporium.
  4940 | D:5      | Noticed an ice beast
  4947 | D:5      | Killed an ice beast
  4991 | D:5      | Noticed Sigmund
  5130 | D:5      | Killed from afar by a crimson imp

Skill      XL: |  1  2  3  4 |
---------------+-------------+-----
Spellcasting   | 3 4 5 |  5.7
Conjurations   | 1 2 |  2.4
Fire Magic     | 3 |  3.4
Dodging        | |  1.5
Stealth        | |  2.1

Action                   |  1- 3 |  4- 6 || total
-------------------------+-------+-------++-------
Melee: Dagger            |    10 |    15 ||    25
       Hunting sling     |       |     3 ||     3
Throw: Tomahawk          |       |    21 ||    21
 Cast: Flame Tongue      |    78 |    68 ||   146
       Conjure Flame     |       |     1 ||     1
  Use: Scroll            |       |     6 ||     6
Armor: Robe              |    12 |    27 ||    39
Dodge: Dodged            |    41 |    58 ||    99
